 Dungeon Sprint DCSS version 0.17-a0-877-ga10078a (webtiles) character file.

793 ahoge the Fighter (level 7, -11/52 HPs)
             Began as a Gargoyle Fighter on Apr 30, 2015.
             Was a Believer of Okawaru.
             Mangled by a hill giant
             ... wielding a +0 giant club
              (13 damage)
             ... in the Dungeon (Sprint IX: "|||||||||||||||||||||||||||||").
             The game lasted 00:03:58 (347 turns).

ahoge the Fighter (Gargoyle Fighter)                 Turns: 347, Time: 00:03:58

Health: -11/52     AC: 20    Str: 22    XL:     7   Next: 88%
Magic:  5/7        EV: 13    Int:  9    God:    Okawaru [**....]
Gold:   0          SH: 13    Dex:  8    Spells: 0 memorised, 6 levels left

rFire  . . .     SeeInvis +     q - +2 scimitar "Lisumn" {slice, +Rage rPois Dex-3 SInv}
rCold  . . .     Clarity  .     t - +1 chain mail
rNeg   + . .     SustAb   .     c - +0 shield
rPois  ∞         Gourm    .     (no helmet)
rElec  +         Spirit   .     (no cloak)
rCorr  .         Warding  .     (no gloves)
rMut   .         NoTele   +     r - +0 pair of boots
MR     .....                    (no amulet)
Stlth  ..........               v - +2 ring of evasion
                                u - +3 ring of strength

@: heroism, not resistant to hostile enchantments, extremely unstealthy
A: negative energy resistance 1, electricity resistance, unbreathing,
petrification resistance, rot immunity, AC +4
a: Heroism, Renounce Religion, Evoke Berserk Rage


You were in the Dungeon.
You worshipped Okawaru.
Okawaru was pleased with you.
You were not hungry.

You visited 1 branch

Inventory:

Hand weapons
 a - a +0 flail
 q - the +2 scimitar "Lisumn" (weapon) {slice, +Rage rPois Dex-3 SInv}
   (You found it in the Dungeon)

   It inflicts extra damage upon your enemies.
   It affects your dexterity (-3).
   It protects you from poison.
   It enhances your eyesight.
   It lets you go berserk.
Armour
 b - a +0 scale mail
 c - a +0 shield (worn)
 r - a +0 pair of boots (worn)
 s - a +0 pair of gloves
 t - a +1 chain mail (worn)
Jewellery
 u - a +3 ring of strength (left hand)
 v - a +2 ring of evasion (right hand)
Magical devices
 p - a wand of cold (7)
Scrolls
 k - 2 scrolls of blinking
 n - 3 scrolls of remove curse
 o - 2 scrolls of amnesia
Potions
 d - a potion of might
 f - 5 potions of curing
 g - 3 potions of heal wounds
 h - a potion of haste
 i - 4 potions of magic
 j - a potion of berserk rage
 m - a potion of invisibility
Comestibles
 e - a bread ration
 l - 2 chunks of flesh


   Skills:
 + Level 9.7(14.7) Fighting
 + Level 3.3(8.3) Long Blades
 + Level 6.6(11.6) Maces & Flails
 + Level 9.4(14.4) Armour
 + Level 4.2(9.2) Dodging
 + Level 9.3(14.3) Shields
 + Level 0.7 Invocations


You had 6 spell levels left.
You didn't know any spells.

Dungeon Overview and Level Annotations

Branches:
Dungeon (1/1)

Altars:
Cheibriados
Dithmenos
Elyvilon
Fedhas
Gozag
Kikubaaqudgha
Makhleb
Nemelex Xobeh
Okawaru
Qazlal
Ru
Sif Muna
Trog
Vehumet
Xom
Yredelemnul
Zin
The Shining One
Beogh
Jiyva
Lugonu


Innate Abilities, Weirdness & Mutations

You are resistant to torment.
Your stone body is resilient (AC +4).
You are immune to poison.
You resist negative energy.
You are resistant to electric shocks.
You can survive without breathing.
You are immune to petrification.
You are immune to rotting.


Message History

You slash the two-headed ogre!
You kill the two-headed ogre!
Okawaru accepts your kill.
Your base Long Blades skill increases to level 3!
Your base Dodging skill increases to level 4!
Your base Shields skill increases to level 9!
You slash the hill giant!
The hill giant is moderately wounded.
The hill giant hits you with a giant club!
* * * LOW HITPOINT WARNING * * *
You hit the hill giant but do no damage.
The hill giant is moderately wounded.
You hit the hill giant but do no damage.
The hill giant is moderately wounded.
The hill giant hits you with a giant club.
* * * LOW HITPOINT WARNING * * *
You slice the hill giant!!
The hill giant is severely wounded.
The hill giant hits you with a giant club!
You die...

▓.▓
▓(▓
▓÷▓
▓)▓
▓.▓
▓.▓
▓.▓
▓.▓
▓@▓
▓C▓
▓a▓
▓O▓
▓.▓
▓.▓
▓.▓
▓.▓
▓+▓


You could see a hill giant, a two-headed ogre and a worker ant.

Vanquished Creatures
  A troll (D)
  A two-headed ogre (D)
  A wyvern (D)
  A hippogriff (D)
  An ogre (D)
  2 hounds (D)
  An ooze (D)
  A giant gecko (D)
  An orc (D)
  2 bat skeletons (D)
  A giant cockroach (D)
  A goblin (D)
  2 bats (D)
  A quokka skeleton (D)
  A quokka zombie (D)
  A rat (D)
19 creatures vanquished.

Notes
Turn   | Place    | Note
--------------------------------------------------------------
     0 | D        | ahoge, the Gargoyle Fighter, began the quest for the Orb.
     0 | D        | Reached XP level 1. HP: 14/14 MP: 1/1
    10 | D        | Reached skill level 4 in Armour
    16 | D        | Reached XP level 2. HP: 13/20 MP: 2/2
    27 | D        | Noticed a hound
    36 | D        | Killed a hound
    36 | D        | Reached skill level 5 in Fighting
    36 | D        | Reached skill level 5 in Armour
    36 | D        | Reached skill level 1 in Dodging
    36 | D        | Reached skill level 5 in Shields
    36 | D        | Reached XP level 3. HP: 12/26 MP: 3/3
    45 | D        | Found a glowing silver altar of Zin.
    45 | D        | Found a glowing golden altar of the Shining One.
    45 | D        | Found an ancient bone altar of Kikubaaqudgha.
    45 | D        | Found a basalt altar of Yredelemnul.
    45 | D        | Found a shimmering altar of Xom.
    45 | D        | Found a radiant altar of Vehumet.
    45 | D        | Found an iron altar of Okawaru.
    46 | D        | Found a burning altar of Makhleb.
    47 | D        | Found a deep blue altar of Sif Muna.
    48 | D        | Found a bloodstained altar of Trog.
    49 | D        | Found a sparkling altar of Nemelex Xobeh.
    50 | D        | Found a white marble altar of Elyvilon.
    51 | D        | Found a roughly hewn altar of Beogh.
    52 | D        | Found a viscous altar of Jiyva.
    53 | D        | Found a corrupted altar of Lugonu.
    54 | D        | Became a worshipper of Warmaster Okawaru
    55 | D        | Found a blossoming altar of Fedhas.
    56 | D        | Found a snail-covered altar of Cheibriados.
    57 | D        | Found a shadowy altar of Dithmenos.
    58 | D        | Found a stormy altar of Qazlal.
    59 | D        | Found an opulent altar of Gozag.
    60 | D        | Found a sacrificial altar of Ru.
    80 | D        | Got the +2 scimitar "Lisumn" {slice, +Rage rPois Dex-3 SInv}
   141 | D        | Noticed an ogre
   141 | D        | Noticed a wyvern
   141 | D        | Noticed a hound
   149 | D        | Killed an ogre
   149 | D        | Reached skill level 6 in Fighting
   149 | D        | Reached XP level 4. HP: 25/32 MP: 4/4
   149 | D        | Reached XP level 5. HP: 28/37 MP: 5/5
   155 | D        | Killed a wyvern
   155 | D        | Acquired Okawaru's first power
   155 | D        | Reached skill level 7 in Fighting
   155 | D        | Reached skill level 5 in Maces & Flails
   155 | D        | Reached XP level 6. HP: 21/44 MP: 6/6
   157 | D        | Killed a hound
   157 | D        | Reached skill level 8 in Fighting
   157 | D        | Reached skill level 1 in Long Blades
   317 | D        | Noticed a hippogriff
   317 | D        | Noticed a troll
   317 | D        | Noticed a two-headed ogre
   317 | D        | Noticed a worker ant
   317 | D        | Noticed a hill giant
   317 | D        | Noticed a two-headed ogre
   324 | D        | Killed a hippogriff
   339 | D        | Killed a troll
   339 | D        | Reached skill level 9 in Fighting
   339 | D        | Reached XP level 7. HP: 25/51 MP: 7/7
   343 | D        | Killed a two-headed ogre
   346 | D        | HP: 2/52 [hill giant/giant club (6)]
   347 | D        | Mangled by a hill giant

Action                   |  1- 3 |  4- 6 |  7- 9 || total
-------------------------+-------+-------+-------++-------
Melee: Flail             |    24 |       |       ||    24
       Scimitar          |     7 |    30 |     7 ||    44
Invok: Heroism           |       |       |     1 ||     1
